 Dungeon Crawl Stone Soup version 0.29-a0-789-g7a8fcbc185 (webtiles) character file.

Game seed: 17337199054637859485

63 zeratav the Shooter (level 3, 0/18 HPs)
             Began as a Spriggan Hunter on July 3, 2022.
             Killed from afar by Sigmund (6 damage)
             ... with a magic dart
             ... on level 2 of the Dungeon.
             The game lasted 00:01:23 (1411 turns).

zeratav the Shooter (Spriggan Hunter)               Turns: 1411, Time: 00:01:24

Health: 0/18       AC:  2    Str:  7    XL:     3   Next: 89%
Magic:  4/4        EV: 18    Int: 10    God:
Gold:   51         SH:  0    Dex: 20    Spells: 2/2 levels left

rFire   . . .      SeeInvis +   a - +0 shortbow {bow}
rCold   . . .      Faith    .   (shield currently unavailable)
rNeg    . . .      Spirit   .   c - +0 robe
rPois   .          Reflect  .   (helmet restricted)
rElec   .          Harm     .   (no cloak)
rCorr   .          Rampage  .   (gloves unavailable)
Will    .....                   (boots unavailable)
Stlth   ++........              (no amulet)
HPRegen 0.06/turn               (no ring)
MPRegen 0.09/turn               (no ring)

@: very quick
A: very small, no large weapons, unfitting armour, see invisible, speed 3
a: no special abilities


You were on level 2 of the Dungeon.
You visited 1 branch of the dungeon, and saw 2 of its levels.

You collected 51 gold pieces.


Innate Abilities, Weirdness & Mutations

You are very small and have problems with some larger weapons.
You are too small for most types of armour.
You have supernaturally acute eyesight. (SInv)
You cover ground extremely quickly. (Speed+++)


   Skills:
 - Level 1.5 Fighting
 + Level 6.7 Ranged Weapons
 - Level 2.6 Dodging
 - Level 1.5 Stealth


You had 2 spell levels left.
You didn't know any spells.
Your spell library contained the following spells:

 Spells                   Type           Power      Damage    Failure   Level
 Slow                     Hex            0%         N/A       36%         1
 Sublimation of Blood     Necr           0%         N/A       50%         2
 Wereblood                Tmut           0%         N/A       50%         2
 Dazzling Flash           Conj/Hex       0%         N/A       75%         3
 Leda's Liquefaction      Hex/Erth       0%         N/A       98%         4
 Agony                    Necr           0%         N/A       100%        5
 Silence                  Hex/Air        0%         N/A       100%        5
 Summon Hydra             Summ           0%         N/A       100%        7
 Maxwell's Capacitive Co  Air            0%         ∞         100%        8

Inventory:

Hand Weapons
 a - a +0 shortbow (weapon) {bow}
 m - a +1 long sword of electrocution {long}
   (You found it on level 2 of the Dungeon)
Armour
 c - a +0 robe (worn)
Jewellery
 f - an amulet of reflection
   (You found it on level 2 of the Dungeon)
Scrolls
 b - a scroll of immolation {!r!r}
 d - a scroll of enchant armour {unknown}
 h - a scroll of brand weapon {unknown}
 i - a scroll of teleportation {unknown}
 k - a scroll of identify {unknown}
 l - a scroll of silence {unknown}
Potions
 e - a potion of brilliance {unknown}
 g - a potion of might {unknown}
 j - a potion of curing {unknown}

Dungeon Overview and Level Annotations

Branches:
Dungeon (2/15) Zot: 10956

Altars:

Annotations:
D:2 Sigmund

..)######## #.# #.# ...#
######@#### #.# ...#
#.........# #.# ..##
#.........# #.#
..########.........######.#
..'................'......#
..########.........########
..# ♣♣♣♣.........# ..#
#♣♣P.P♣.....@..# ..#
♣.P≈.♣♣........# ###
♣P≈≈≈P.♣.♣.....#
♣.≈≈≈PPP.♣.....###
♣♣P≈....♣♣##.....# ♣...♣♣♣♣
#.##### ♣♣.♣♣ #.# ### #.#
#.#


You could see Sigmund.


Message History

k - a scroll labelled JAAQ VEUPY BARPH You enter the shallow water.
Moving in this stuff is going to be slow.
You enter the shallow water.
Moving in this stuff is going to be slow.
Key pressed, stopping explore.
You now have 51 gold pieces (gained 7).
A hobgoblin comes into view.
The hobgoblin shouts!
A hobgoblin is nearby!
A hobgoblin is nearby!
A hobgoblin is nearby!
You shoot an arrow. The arrow hits the hobgoblin!
You kill the hobgoblin!
No target in view!
No target in view!
No target in view!
No target in view!
No target in view!
No target in view!
No target in view!
No target in view!
A kobold comes into view. It is wielding a +0 whip.
A kobold is nearby!
A kobold is nearby!
You shoot an arrow. The kobold shouts!
The arrow hits the kobold.
You kill the kobold!
No target in view!
No target in view!
No target in view!
No target in view!
No target in view!
No target in view!
No target in view!
A kobold comes into view. It is wielding a +0 short sword.
A kobold is nearby!
A kobold is nearby!
You shoot an arrow. The kobold shouts!
The arrow hits the kobold!
You kill the kobold!
No target in view!
No target in view!
No target in view!
A quokka comes into view.
A quokka is nearby!
A quokka is nearby!
You shoot an arrow. The arrow hits the quokka!
You kill the quokka!
No target in view!
No target in view!
No target in view!
No target in view!
l - a scroll labelled BUMIUL ZIME
Things that are here:
a +0 short sword {short}; 3 stones {throwing}; a +0 whip {mace}
Things that are here:
a +0 short sword {short}; 3 stones {throwing}; a +0 whip {mace} You open the door.
There is an open door here.
You pick up the Tome of Malediction and Air and begin reading...
You add the spells Slow, Leda's Liquefaction and Maxwell's Capacitive Coupling to your library.
m - a +1 long sword of electrocution {long} As you open the door, it creaks loudly!
There is an open door here.
Sigmund the Dreaded comes into view.
He is wielding a +0 scythe.
You shoot an arrow. The arrow hits Sigmund!
Sigmund shouts!
You shoot an arrow. The arrow barely misses Sigmund.
You shoot an arrow. The arrow hits Sigmund!
You shoot an arrow.
The arrow hits Sigmund but does no damage.
Sigmund barely misses you.
You shoot an arrow. The arrow closely misses Sigmund.
Sigmund points at you and mumbles some strange words.
The magic dart hits you.
HP[-6]
You take 6 damage, and now have 12/18 hp.
MASSIVE DAMAGE!! (PAUSE)
You shoot an arrow. The arrow barely misses Sigmund.
Sigmund closely misses you.
You shoot an arrow. The arrow hits Sigmund.
Sigmund gestures at you while chanting. The puff of flame hits you.
* * * LOW HITPOINT WARNING * * *
You are too injured to fight recklessly!
HP[-6]
You take 6 damage, and now have 6/18 hp.
MASSIVE DAMAGE!! (PAUSE)
You are too injured to fight recklessly!
You are too injured to fight recklessly!
Fire: a) +0 shortbow {bow}
Press: ? - help, Q - select action Shift-Dir - straight line, f/p - Sigmund
Aim: Sigmund, wielding a +0 scythe and wearing a +0 robe (severely wounded)
You shoot an arrow. The arrow closely misses Sigmund.
Sigmund casts a spell at you. The magic dart hits you.
You die...

Skill      XL: |  1  2 |
---------------+-------+-----
Ranged Weapons | 5 6 |  6.7
Fighting       | |  1.5
Dodging        | |  2.6
Stealth        | |  1.5

Action                   || total
-------------------------++-------
 Fire: Shortbow          ||   112
Armor: Robe              ||     3
Dodge: Dodged            ||    56

Levels and vault maps discovered:
D:1:      dpeg_arrival_radiant, layout_basic
D:2:      layout_basic, nicolae_ecumenical_pavilion, serial_forest,
          infiniplex_forest_clump_medium, infiniplex_forest_clump_diagonal,
          infiniplex_forest_pool, infiniplex_forest_zigzag_2,
          nicolae_underground_beach, uniq_sigmund

Notes
Turn   | Place    | Note
-------+----------+-------------------------------------------
     0 | D:1      | zeratav the Spriggan Hunter began the quest for the Orb.
     0 | D:1      | Reached XP level 1. HP: 10/10 MP: 2/2
     0 | D:1      | magus.rc [v1.9.6]
   104 | D:1      | Reached skill level 5 in Ranged Weapons
   255 | D:1      | Reached XP level 2. HP: 14/14 MP: 3/3
   267 | D:1      | You pick up a book of the Senses and begin reading...
   267 | D:1      | You add the spells Dazzling Flash, Agony and Silence to
                  | your library.
   484 | D:1      | Reached skill level 6 in Ranged Weapons
   490 | D:1      | Reached XP level 3. HP: 16/18 MP: 4/4
   900 | D:1      | You pick up a book of Blood and begin reading...
   900 | D:1      | You add the spells Sublimation of Blood, Wereblood and
                  | Summon Hydra to your library.
   967 | D:2      | Found a faded altar of an unknown god.
  1328 | D:2      | You add the spells Slow, Leda's Liquefaction and Maxwell's
                  | Capacitive Coupling to your library.
  1328 | D:2      | Got the Tome of Malediction and Air
  1388 | D:2      | Noticed Sigmund
  1411 | D:2      | Killed from afar by Sigmund

Vanquished Creatures
  An adder (D:2)
  3 dart slugs (D:1)
  A ball python (D:1)
  5 endoplasms
  2 goblins (D:1)
  4 hobgoblins
  14 jackals (D:1)
  2 quokkas
  2 bats (D:1)
  2 frilled lizards (D:1)
  5 kobolds
  A rat (D:1)
42 creatures vanquished.

Vanquished Creatures (others)
  2 plants (D:2)
2 creatures vanquished.

Grand Total: 44 creatures vanquished

Table legend:
 A = Non-vault XP
 B = Vault XP
 C = Vault XP percentage of total XP
 D = Non-vault monster count
 E = Vault monster count
 F = Vault count percentage of total count
                 A         B        C        D         E       F
            +---------+---------+-------+---------+---------+-------
      Total |      91 |       0 |   0.0 |      42 |       0 |   0.0
            +---------+---------+-------+---------+---------+-------
        D:1 |      69 |       0 |   0.0 |      35 |       0 |   0.0
        D:2 |      22 |       0 |   0.0 |       7 |       0 |   0.0
            +---------+---------+-------+---------+---------+-------

Illustrated notes

Table legend:
 A = Kills in this place as a percentage of kills in entire the game.
 B = Kills by you in this place as a percentage of kills by you in the entire game.
 C = Kills by friends in this place as a percentage of kills by friends in the entire game.
 D = Other kills in this place as a percentage of other kills in the entire game.
 E = Experience gained in this place as a percentage of experience gained in the entire game.
 F = Experience gained in this place divided by the number of levels of this place that you have seen.
                   A       B       C       D       E      F
               +-------+-------+-------+-------+-------+----------------------
         Total | 100.0 | 100.0 |   N/A |   N/A | 100.0 |  45.5
       Dungeon | 100.0 | 100.0 |   N/A |   N/A | 100.0 |  45.5
               +-------+-------+-------+-------+-------+----------------------

Table legend: (Time is in decaauts)
 A = Elapsed time spent in this place.
 B = Non-inter-level travel time spent in this place.
 C = Inter-level travel time spent in this place.
 D = Time resting spent in this place.
 E = Time spent auto-exploring this place.
 F = Levels seen in this place.
 G = Mean time per level.
                   A        B        C        D        E       F      G
               +--------+--------+--------+--------+--------+-----+--------+
         Total |   1042 |   1035 |      7 |      0 |    836 |   2 |  521.0 |
       Dungeon |   1042 |   1035 |      7 |      0 |    836 |   2 |  521.0 |
               +--------+--------+--------+--------+--------+-----+--------+

Top non-repeatable levels by time:
     D:1: 758 daAuts
     D:2: 284 daAuts
